 Dungeon Sprint DCSS version 0.23.0 (webtiles) character file.

Game seed: 15808832071105583817

408 Groucho the Blocker (level 6, 0/56 HPs)
             Began as a Gnoll Fighter on Feb 11, 2019.
             Was a Believer of Cheibriados.
             Slain by a meliai
             ... wielding a +0 hand axe
              (7 damage)
             ... in the Dungeon (Sprint IX: "|||||||||||||||||||||||||||||").
             The game lasted 00:02:57 (396 turns).

Groucho the Blocker (Gnoll Fighter)                  Turns: 396, Time: 00:02:58

Health: 0/56       AC: 14    Str: 25    XL:     6   Next: 88%
Magic:  13/13      EV: 11    Int: 19    God:    Cheibriados [**....]
Gold:   0          SH: 13    Dex: 25    Spells: 14/14 levels left

rFire    . . .     SeeInvis .   a - +0 long sword
rCold    . . .     Gourm    .   c - +0 shield
rNeg     . . .     Faith    .   u - +1 chain mail
rPois    .         Spirit   .   s - +0 helmet
rElec    .         Reflect  .   t - +0 cloak
rCorr    .         Harm     .   (no gloves)
MR       .....     NoTele   +   (no boots)
Stlth    ..........             (no amulet)
HPRegen  0.18/turn              b - +3 ring of intelligence
MPRegen  0.13/turn              v - +3 ring of dexterity

@: starving, very slow
A: distributed training, fangs 1, strong nose
a: Bend Time, Renounce Religion


You were in the Dungeon.
You worshipped Cheibriados.
Cheibriados was pleased with you.
You were starving.

You visited 1 branch

Inventory:

Hand Weapons
 a - a +0 long sword (weapon)
 p - a +2 rapier of venom
 q - a +2 scimitar of holy wrath
 r - a +2 dire flail of protection
Armour
 c - a +0 shield (worn)
 s - a +0 helmet (worn)
 t - a +0 cloak (worn)
 u - a +1 chain mail (worn)
Jewellery
 b - a +3 ring of intelligence (left hand)
 v - a +3 ring of dexterity (right hand)
Wands
 o - a wand of acid (10)
Scrolls
 k - 2 scrolls of blinking
 m - 3 scrolls of remove curse
 n - 2 scrolls of amnesia
Potions
 d - a potion of might
 e - 5 potions of curing
 h - a potion of haste
 i - 4 potions of magic
 j - a potion of berserk rage
 l - 2 potions of heal wounds


   Skills:
 + Level 8.2 Fighting
 + Level 4.9 Short Blades
 + Level 6.8 Long Blades
 + Level 4.9 Axes
 + Level 4.9 Maces & Flails
 + Level 4.9 Polearms
 + Level 4.9 Staves
 + Level 4.9 Slings
 + Level 4.9 Bows
 + Level 4.9 Crossbows
 + Level 4.9 Throwing
 + Level 8.2 Armour
 + Level 4.9 Dodging
 + Level 4.9 Stealth
 + Level 8.2 Shields
 + Level 4.9 Unarmed Combat
 + Level 4.9 Spellcasting
 + Level 4.0 Conjurations
 + Level 4.0 Hexes
 + Level 4.0 Charms
 + Level 4.0 Summonings
 + Level 4.0 Necromancy
 + Level 4.0 Translocations
 + Level 4.0 Transmutations
 + Level 4.0 Fire Magic
 + Level 4.0 Ice Magic
 + Level 4.0 Air Magic
 + Level 4.0 Earth Magic
 + Level 4.0 Poison Magic
 + Level 5.3 Invocations
 + Level 4.9 Evocations


You had 14 spell levels left.
You didn't know any spells.
Your spell library was empty.

Dungeon Overview and Level Annotations

Branches:
Dungeon (1/1)

Altars:
Cheibriados
Dithmenos
Elyvilon
Fedhas
Gozag
Hepliaklqana
Kikubaaqudgha
Makhleb
Nemelex Xobeh
Okawaru
Qazlal
Ru
Sif Muna
Trog
Uskayaw
Vehumet
Wu Jian
Xom
Yredelemnul
Zin
The Shining One
Beogh
Jiyva
Lugonu


Innate Abilities, Weirdness & Mutations

Your experience applies equally to all skills.
You have very sharp teeth.
Your uncanny sense of smell can sniff out nearby items.


Message History

Your Transmutations skill increases to level 4!
Your Fire Magic skill increases to level 4!
Your Ice Magic skill increases to level 4!
Your Air Magic skill increases to level 4!
Your Earth Magic skill increases to level 4!
Your Poison Magic skill increases to level 4!
The meliai mumbles some strange prayers to its god against you.
Something smites you!
The meliai mumbles some strange prayers to its god against you.
Something smites you!
* * * LOW HITPOINT WARNING * * *
You slash the meliai!
The meliai is moderately wounded.
The meliai hits you with a +0 hand axe.
* * * LOW HITPOINT WARNING * * *
You block the meliai's attack. The meliai barely misses you.
You riposte.
You barely miss the meliai. You bite the meliai.
The meliai is moderately wounded.
The meliai stings you!
You die...

▓▓▓▓▓▓▓▓▓▓▓▓▓▓▓▓▓▓▓▓▓▓▓▓
.oHc..y@.....†..[..)|..'
▓▓▓▓▓▓▓▓▓▓▓▓▓▓▓▓▓▓▓▓▓▓▓▓
∆∆∆∆ ∆ ∆∆∆∆


You could see a hippogriff, a meliai, a centaur and an orc.

Vanquished Creatures
  A hungry ghost (D)
  A centaur (D)
  A scorpion (D)
  A killer bee (D)
  A wight (D)
  2 worker ants (D)
  3 leopard geckos (D)
  An orc (D)
  3 hobgoblins (D)
  A jackal (D)
  A ball python skeleton (D)
  A frilled lizard (D)
17 creatures vanquished.

Notes
Turn   | Place    | Note
-------+----------+-------------------------------------------
     0 | D        | Groucho the Gnoll Fighter began the quest for the Orb.
     0 | D        | Reached XP level 1. HP: 23/23 MP: 1/1
    18 | D        | Reached skill level 1 in Invocations
    22 | D        | Reached skill level 1 in Short Blades
    22 | D        | Reached skill level 1 in Axes
    22 | D        | Reached skill level 1 in Maces & Flails
    22 | D        | Reached skill level 1 in Polearms
    22 | D        | Reached skill level 1 in Staves
    22 | D        | Reached skill level 1 in Slings
    22 | D        | Reached skill level 1 in Bows
    22 | D        | Reached skill level 1 in Crossbows
    22 | D        | Reached skill level 1 in Throwing
    22 | D        | Reached skill level 1 in Dodging
    22 | D        | Reached skill level 1 in Stealth
    22 | D        | Reached skill level 1 in Unarmed Combat
    22 | D        | Reached skill level 1 in Spellcasting
    22 | D        | Reached skill level 1 in Evocations
    22 | D        | Reached XP level 2. HP: 22/29 MP: 1/3
   200 | D        | Noticed a centaur
   204 | D        | Reached skill level 1 in Conjurations
   204 | D        | Reached skill level 1 in Hexes
   204 | D        | Reached skill level 1 in Charms
   204 | D        | Reached skill level 1 in Summonings
   204 | D        | Reached skill level 1 in Necromancy
   204 | D        | Reached skill level 1 in Translocations
   204 | D        | Reached skill level 1 in Transmutations
   204 | D        | Reached skill level 1 in Fire Magic
   204 | D        | Reached skill level 1 in Ice Magic
   204 | D        | Reached skill level 1 in Air Magic
   204 | D        | Reached skill level 1 in Earth Magic
   204 | D        | Reached skill level 1 in Poison Magic
   204 | D        | Reached XP level 3. HP: 35/35 MP: 3/5
   207 | D        | Reached skill level 5 in Long Blades
   223 | D        | Killed a centaur
   223 | D        | Reached XP level 4. HP: 35/43 MP: 5/8
   224 | D        | Reached XP level 5. HP: 39/48 MP: 5/9
   234 | D        | Found a roughly hewn altar of Beogh.
   234 | D        | Found a snail-covered altar of Cheibriados.
   234 | D        | Found a shadowy altar of Dithmenos.
   234 | D        | Found a white marble altar of Elyvilon.
   234 | D        | Found a blossoming altar of Fedhas.
   234 | D        | Found an opulent altar of Gozag.
   235 | D        | Found a hazy altar of Hepliaklqana.
   236 | D        | Found a viscous altar of Jiyva.
   237 | D        | Found an ancient bone altar of Kikubaaqudgha.
   238 | D        | Became a worshipper of Cheibriados the Contemplative
   239 | D        | Found a corrupted altar of Lugonu.
   240 | D        | Found a burning altar of Makhleb.
   241 | D        | Found a sparkling altar of Nemelex Xobeh.
   242 | D        | Found an iron altar of Okawaru.
   243 | D        | Found a stormy altar of Qazlal.
   244 | D        | Found a sacrificial altar of Ru.
   245 | D        | Found a deep blue altar of Sif Muna.
   246 | D        | Found a bloodstained altar of Trog.
   247 | D        | Found a hide-covered altar of Uskayaw.
   248 | D        | Found a radiant altar of Vehumet.
   249 | D        | Found an ornate altar of the Wu Jian Council.
   250 | D        | Found a shimmering altar of Xom.
   251 | D        | Found a basalt altar of Yredelemnul.
   252 | D        | Found a glowing silver altar of Zin.
   253 | D        | Found a glowing golden altar of the Shining One.
   305 | D        | Noticed a hungry ghost
   320 | D        | Reached * piety under Cheibriados
   347 | D        | Killed a hungry ghost
   347 | D        | Reached skill level 5 in Invocations
   347 | D        | Reached XP level 6. HP: 50/56 MP: 10/12
   348 | D        | Reached ** piety under Cheibriados
   384 | D        | Noticed a hippogriff
   384 | D        | Noticed a meliai
   396 | D        | Slain by a meliai

Skill      XL: |  1  2  3  4  5  6 |
---------------+-------------------+-----
Invocations    | 1 2 3 5 |  5.3
Short Blades   | 1 3 4 |  4.9
Axes           | 1 3 4 |  4.9
Maces & Flails | 1 3 4 |  4.9
Polearms       | 1 3 4 |  4.9
Staves         | 1 3 4 |  4.9
Slings         | 1 3 4 |  4.9
Bows           | 1 3 4 |  4.9
Crossbows      | 1 3 4 |  4.9
Throwing       | 1 3 4 |  4.9
Dodging        | 1 3 4 |  4.9
Stealth        | 1 3 4 |  4.9
Unarmed Combat | 1 3 4 |  4.9
Spellcasting   | 1 3 4 |  4.9
Evocations     | 1 3 4 |  4.9
Conjurations   | 1 2 3 4 |  4.0
Hexes          | 1 2 3 4 |  4.0
Charms         | 1 2 3 4 |  4.0
Summonings     | 1 2 3 4 |  4.0
Necromancy     | 1 2 3 4 |  4.0
Translocations | 1 2 3 4 |  4.0
Transmutations | 1 2 3 4 |  4.0
Fire Magic     | 1 2 3 4 |  4.0
Ice Magic      | 1 2 3 4 |  4.0
Air Magic      | 1 2 3 4 |  4.0
Earth Magic    | 1 2 3 4 |  4.0
Poison Magic   | 1 2 3 4 |  4.0
Long Blades    | 5 6 |  6.8
Fighting       | 7 8 |  8.2
Armour         | 7 8 |  8.2
Shields        | 7 8 |  8.2

Action                   |  1- 3 |  4- 6 || total
-------------------------+-------+-------++-------
Melee: Long sword        |    40 |    60 ||   100
       Bite              |     6 |    10 ||    16
  Use: Potion            |     1 |     1 ||     2
 Stab: Invisible         |       |     1 ||     1
  Eat: Ration            |       |     1 ||     1
Armor: Scale mail        |     9 |       ||     9
       Chain mail        |       |    18 ||    18
Dodge: Dodged            |    13 |    17 ||    30
Block: Shield            |    18 |    29 ||    47
       Rpst.: Long sword |     2 |     7 ||     9
